 Dungeon Crawl Stone Soup version 0.30.1-4-g462c640d31 (webtiles) character file.

Game seed: 12968822042926631587

103 hawla the Firebug (level 5, -1/58 HPs)
             Began as a Meteoran Fire Elementalist on Sept 4, 2023.
             Slain by Edmund
             ... wielding a +2 dire flail of protection
              (9 damage)
             ... on level 4 of the Dungeon on Sept 5, 2023.
             The game lasted 00:05:08 (628 turns).

hawla the Firebug (Meteoran Fire Elementalist)       Turns: 628, Time: 00:05:09

Health: -1/58      AC: 22    Str:  9    XL:     5   Next: 29%
Magic:  0/11       EV:  2    Int: 18    God:
Gold:   79         SH:  0    Dex: 15    Spells: 4/11 levels left

rFire   . . .        i - +3 short sword (venom)
rCold   . . .        (no shield)
rNeg    . . .        a - melded +0 robe
rPois   +            h - melded +0 helmet
rElec   .            (cloak currently unavailable)
rCorr   .            (gloves currently unavailable)
SInv    +            (boots currently unavailable)
Will    .....        (no amulet)
Stlth   +            e - ring of see invisible
HPRegen 0.29/turn    (no ring)
MPRegen 0.12/turn

%: no passive effects
@: tree-form, glowing
A: stationary, stasis, torment immunity, boosted hp, sense surroundings 1,
otherworldly, glowing, explore regen
a: no special abilities


You were on level 4 of the Dungeon.
You were a tree.
You visited 1 branch of the dungeon, and saw 4 of its levels.

You collected 79 gold pieces.

Inventory:

Hand Weapons
 i - a +3 short sword of venom (weapon)
Armour
 a - a +0 robe (melded)
 h - a +0 helmet (melded)
Jewellery
 e - a ring of see invisible (left branch)
Potions
 b - a potion of magic


   Skills:
 - Level 0.3 Fighting
 - Level 2.6 Dodging
 - Level 1.4 Stealth
 - Level 3.8 Spellcasting
 + Level 3.1 Conjurations
 - Level 4.8 Fire Magic


You had 4 spell levels left.
You knew the following spells:

 Your Spells              Type           Power      Damage    Failure   Level
a - Foxfire               Conj/Fire      68%        2x1d7     3%          1
b - Scorch                Fire           40%        2d7       3%          2
c - Flame Wave            Conj/Fire      17%        2d7       28%         4

Your spell library contained the following spells:

 Spells                   Type           Power      Damage    Failure   Level
 Magic Dart               Conj           56%        1d5       4%          1
 Inner Flame              Hex/Fire       12%        N/A       17%         3
 Volatile Blastmotes      Fire/Tloc      24%        2d12      17%         3
 Call Imp                 Summ           6%         N/A       22%         2
 Poisonous Vapours        Pois/Air       6%         N/A       22%         2
 Mephitic Cloud           Conj/Pois/Air  7%         N/A       28%         3
 Call Canine Familiar     Summ           3%         N/A       41%         3
 Portal Projectile        Hex/Tloc       6%         N/A       41%         3
 Leda's Liquefaction      Hex/Erth       1%         N/A       83%         4
 Freezing Cloud           Conj/Ice/Air   3%         6-21      95%         5


Dungeon Overview and Level Annotations

Branches:
Dungeon (4/15) Zot: 1772
 Temple: D:4-7

Altars:

Annotations:
D:4 Edmund


Innate Abilities, Weirdness & Mutations

You are a tree.
Your roots penetrate the ground, keeping you stationary.
You cannot be teleported.
You are immune to unholy pain and torment.
Your maximum health is greatly increased.
Your equipment is partially melded.
You passively map a small area around you.
You are easily found by Zot.
You glow in the dark.
You regain HP and MP as you explore.


Message History

The foxfire hits Edmund but does no damage.
Edmund is moderately wounded.
The foxfire hits Edmund.
Edmund is burned terribly!
Edmund is moderately wounded.
The quokka bites you but does no damage.
The quokka twitches its whiskers.
The quokka bites you but does no damage.
Edmund hits you with a +2 dire flail of protection!
* * * LOW HITPOINT WARNING * * *
Really quaff the potion of lignification?
You turn into a tree.
Your +0 helmet melds into your body.
Your +0 robe melds into your body.
Your roots penetrate the ground.
The quokka bites you but does no damage. x2
Edmund zaps a wand.
The roots erupt in riotous growth!
The grasping roots grab you!
The quokka is unaffected. x2; Edmund is unaffected.
The grasping roots constrict you.
* * * LOW HITPOINT WARNING * * *
You closely miss Edmund. Your punch misses Edmund.
Edmund is moderately wounded.
Edmund is no longer more vulnerable to fire.
The quokka bites you but does no damage.
The quokka bites you.
* * * LOW HITPOINT WARNING * * *
The quokka bites you but does no damage.
Edmund hits you but does no damage. The grasping roots constrict you.
* * * LOW HITPOINT WARNING * * *
The grasping roots release their grip on you.
You hit Edmund.
Edmund looks as sick as possible!
Edmund is moderately wounded.
The quokka bites you but does no damage. x2
Edmund hits you but does no damage.
Casting: Foxfire (safe; 3% risk of failure)
Confirm with . or Enter, or press ? or * to list all spells.
You conjure some foxfire!
The quokka bites you but does no damage. x2
The quokka bites you.
* * * LOW HITPOINT WARNING * * *
Edmund hits you with a +2 dire flail of protection!
You die... .>~#~~# ~, ~ ,* .#~~~~# *#~~~~#.. * .#...~# #~.#.#.# * ...#.~## ##~.....# * * .....~~# #~~.....# # .###~~##+*#~~:...# ,#### . #~## ~ #~....# ,#... . #~#~ ~ #~..v@##### * #..### #gg

#.r♣v...# # * # * .g. *
##r####.# , * ...,
...####.## #.# #. * #
.... .........# #.#
,*#...### #.<####..# #.#
, #..#... ..####..###.#
,##.(##.#
#........##.###.##.. #.#
,....................*#.#
...###........[.##.# #.#


You could see Edmund (extremely poisoned, ally target) and 2 quokkas.

Vanquished Creatures
  A hound (D:4)
  An iguana (D:4)
  A worm (D:4)
  2 dart slugs
  An orc (D:3)
  5 bats
  4 endoplasms
  2 giant cockroaches
  4 hobgoblins
  4 kobolds
  5 ball pythons
  4 frilled lizards
  2 goblins
  2 rats (D:1)
38 creatures vanquished.

Vanquished Creatures (others)
  66 foxfires
66 creatures vanquished.

Grand Total: 104 creatures vanquished

Notes
Turn   | Place    | Note
-------+----------+-------------------------------------------
     0 | D:1      | hawla the Meteoran Fire Elementalist began the quest for
                  | the Orb.
     0 | D:1      | Reached XP level 1. HP: 14/14 MP: 5/5
    37 | D:1      | Reached XP level 2. HP: 17/20 MP: 1/7
    40 | D:1      | Learned a level 2 spell: Scorch
    50 | D:1      | Reached skill level 4 in Fire Magic
   272 | D:1      | Reached XP level 3. HP: 26/26 MP: 5/8
   490 | D:4      | Reached XP level 4. HP: 34/34 MP: 0/10
   503 | D:4      | Learned a level 4 spell: Flame Wave
   613 | D:4      | Noticed Edmund
   618 | D:4      | Reached XP level 5. HP: 33/39 MP: 5/11
   628 | D:4      | Slain by Edmund

Illustrated notes

Levels and vault maps discovered:
D:1:      mushboom_english_gardens, layout_loops_corners, fountainhead,
          nicolae_figureground_sparkle
D:2:      layout_loops_ring
D:3:      layout_rooms, mainiacjoe_overflow_six_doors_small,
          nicolae_overflow_hidden_temple
D:4:      layout_loops_ring, ashenzari_altar_1, nicolae_ossuary_entry_ruins,
          minmay_manual_mullet, uniq_menkaure, uniq_edmund

Skill      XL: |  1  2  3  4 |
---------------+-------------+-----
Spellcasting   | 3 |  3.8
Fire Magic     | 4 |  4.8
Conjurations   | 3 |  3.1
Fighting       | |  0.3
Dodging        | |  2.6
Stealth        | |  1.4

Action                     |  1- 3 |  4- 6 || total
---------------------------+-------+-------++-------
  Melee: Unarmed           |     4 |       ||     4
         Short sword       |    21 |    12 ||    33
   Cast: Foxfire           |    36 |     5 ||    41
         Scorch            |    10 |     4 ||    14
    Use: Scroll            |     4 |     1 ||     5
         Potion            |       |     1 ||     1
 Armour: Robe              |     3 |     2 ||     5
         Skin              |       |    10 ||    10
  Dodge: Dodged            |    20 |     7 ||    27
